 Dungeon Crawl Stone Soup version 0.22.1-1-ga44c0e5 (webtiles) character file.

28 Irenicus the Digger (level 2, -7/22 HPs)
             Began as a Deep Dwarf Earth Elementalist on Oct 11, 2018.
             Mangled by Crazy Yiuf
             ... wielding a +2 quarterstaff of chaos
              (19 damage)
             ... on level 2 of the Dungeon.
             The game lasted 00:05:03 (1177 turns).

Irenicus the Digger (Deep Dwarf Earth Elementalist) Turns: 1177, Time: 00:05:03

Health: -7/22      AC:  4    Str: 11    XL:     2   Next: 96%
Magic:  0/5        EV: 12    Int: 15    God:
Gold:   46         SH:  0    Dex: 13    Spells: 2/5 levels left

rFire    . . .     SeeInvis .   f - +0 dagger
rCold    . . .     Gourm    .   (no shield)
rNeg     . . .     Faith    .   c - +0 robe
rPois    .         Spirit   .   o - +0 helmet
rElec    .         Reflect  .   n - +0 cloak
rCorr    .         Harm     .   (no gloves)
MR       .....                  (no boots)
Stlth    ++........             (no amulet)
HPRegen  0.00/turn              (no ring)
MPRegen  0.09/turn              (no ring)

@: very slightly contaminated, non-regenerating
A: damage resistance, heal wounds, sense surroundings 1, no regeneration
a: Heal Wounds


You were on level 2 of the Dungeon.
You were very hungry.

You visited 1 branch of the dungeon, and saw 2 of its levels.

You collected 46 gold pieces.

Inventory:

Hand Weapons
 f - a +0 dagger (weapon)
   (You found it on level 1 of the Dungeon)
Missiles
 b - 50 stones (quivered)
Armour
 c - a +0 robe (worn)
 n - a +0 cloak (worn)
   (You found it on level 2 of the Dungeon)
 o - a +0 helmet (worn)
   (You found it on level 2 of the Dungeon)
Jewellery
 l - an uncursed amulet of guardian spirit {unknown}
   (You found it on level 1 of the Dungeon)
Scrolls
 h - 2 scrolls of magic mapping {unknown}
 i - a scroll of teleportation {unknown}
 j - a scroll of noise {unknown}
 k - 3 scrolls of amnesia {unknown}
 m - a scroll of fog {unknown}
 p - a scroll of enchant armour {unknown}
Potions
 a - 3 potions of curing {unknown}
 e - a potion of resistance {unknown}
 g - a potion of heal wounds {unknown}
 q - a potion of agility {unknown}
Comestibles
 d - 5 rations


   Skills:
 - Level 2.1 Dodging
 - Level 2.4 Stealth
 - Level 2.0 Spellcasting
 - Level 0.8 Transmutations
 * Level 5.3 Earth Magic


You had 2 spell levels left.
You knew the following spells:

 Your Spells              Type           Power        Failure   Level  Hunger
a - Sandblast             Erth           ###...       2%          1    #......
b - Passwall              Tmut/Erth      ##......     10%         2    ###....

Your spell library contained the following spells:

 Spells                   Type           Power        Failure   Level  Hunger
 Stone Arrow              Conj/Erth      #.....       22%         3    ###....
 Petrify                  Tmut/Erth      ##......     52%         4    #####..
 Lee's Rapid Deconstruct  Erth           ###.......   56%         5    ######.


Dungeon Overview and Level Annotations

Branches:
Dungeon (2/15)

Altars:

Annotations:
D:2 Crazy Yiuf


Innate Abilities, Weirdness & Mutations

You are resistant to damage.
You can heal yourself by infusing magical energy.
You passively map a small area around you.
You do not regenerate.


Message History

The blast of sand hits the worm.
b - 57 stones You now have 3/5 mp.
Aim: a worm (heavily wounded)
The blast of sand hits the worm.
b - 56 stones You now have 2/5 mp.
Aim: a worm (heavily wounded)
The blast of sand hits the worm.
b - 55 stones The worm bites you but does no damage.
You now have 1/5 mp.
Aim: a worm (almost dead)
The blast of sand hits the worm.
You kill the worm!
b - 54 stones You now have 0/5 mp.
You see here an orange potion.
q - an orange potion A rat comes into view.
The helpless rat fails to defend itself.
You hit the rat.
You kill the rat!
MP restored: 5
Found a stone staircase leading up.
There is a stone staircase leading up here.
There is a stone staircase leading up here.
You are feeling hungry.
A bat comes into view.
The bat closely misses you.
You barely miss the bat. The bat barely misses you.
Aim: a bat You miscast Sandblast.
You are very lightly contaminated with residual magic.
Nothing appears to happen.
The bat barely misses you. The bat closely misses you.
You now have 4/5 mp.
You hit the bat but do no damage. The bat closely misses you.
Aim: a bat The blast of sand misses the bat.
b - 53 stones The bat closely misses you.
You now have 3/5 mp.
Aim: a bat The blast of sand hits the bat.
You kill the bat!
b - 52 stones You now have 2/5 mp.
Your magical contamination has completely faded away.
A hobgoblin comes into view. It is wielding a club.
The helpless hobgoblin fails to defend itself.
You puncture the hobgoblin!
You kill the hobgoblin!
MP restored: 5
Things that are here:
a club; a hobgoblin corpse A rat comes into view.
The rat barely misses you.
You see here a ration.
You barely miss the rat. The rat barely misses you.
You closely miss the rat. The rat closely misses you.
You closely miss the rat. The rat closely misses you.
You hit the rat. The rat bites you but does no damage.
You barely miss the rat. The rat completely misses you.
You hit the rat.
You kill the rat!
d - 5 rations (gained 1)
There is a stone staircase leading up here.
There is an escape hatch in the ceiling here.
A bat comes into view.
Found a robe.
Found a stone staircase leading down.
You hit the bat.
You kill the bat!
Found a stone staircase leading up.
There is a stone staircase leading down here.
You see here a robe.
You are feeling very hungry.
You see here a mace.
You open the door.
Crazy Yiuf the Enlightened comes into view.
He is wielding a quarterstaff of
There is an open door here.
There is an open door here.
Aim: Crazy Yiuf, wielding a quarterstaff of chaos and wearing a cloak The blast of sand hits Crazy Yiuf.
b - 51 stones Crazy Yiuf hits you with a quarterstaff of chaos!
You feel your power leaking away.
You take 10 damage, and have 12/22 hp.
MASSIVE DAMAGE!!
You now have 2/5 mp.
Aim: Crazy Yiuf, wielding a quarterstaff of chaos and wearing a cloak (lightly The blast of sand hits Crazy Yiuf.
b - 50 stones You now have 1/5 mp.
Aim: Crazy Yiuf, wielding a quarterstaff of chaos and wearing a cloak (lightly You miscast Sandblast.
You are very lightly contaminated with residual magic.
Nothing appears to happen.
Crazy Yiuf hits you with a quarterstaff of chaos.
You are electrocuted!
Ouch! That really hurt!
You die...

#.###..
##..##
#.....#####.
#<.##.#
#....#
####........
##.##.#
##...#
##.######
#.##.# ##.##
#.# #.##.##
##.# #.#
#.#...# #.##
#.# #.....#
##.# ###.#
###...# #.##
#...# ##.##
##@## #.###
# #.# #.g.#
###.########
#.. #...#
#...........
#### #)..#
###.########
#.# #####
#.# #.# #.#
#.# ########
#.########
#.# #.#.##.#
#.........
#.#
#.#.##.##
#.........


You could see Crazy Yiuf.

Vanquished Creatures
  A worm (D:2)
  A leopard gecko (D:2)
  A ball python (D:2)
  3 bats
  A giant cockroach (D:2)
  2 goblins
  3 hobgoblins
  A frilled lizard (D:2)
  6 kobolds
  4 rats
23 creatures vanquished.

Notes
Turn   | Place    | Note
-------+----------+-------------------------------------------
     0 | D:1      | Irenicus the Deep Dwarf Earth Elementalist began the quest
                  | for the Orb.
     0 | D:1      | Reached XP level 1. HP: 15/15 MP: 3/3
     1 | D:1      | Noticed an electric eel
   233 | D:1      | Reached skill level 2 in Spellcasting
   240 | D:1      | Reached XP level 2. HP: 22/22 MP: 1/5
   701 | D:2      | Learned a level 2 spell: Passwall
   913 | D:2      | Reached skill level 5 in Earth Magic
  1167 | D:2      | Found a runed door.
  1171 | D:2      | Noticed Crazy Yiuf
  1177 | D:2      | Mangled by Crazy Yiuf

Skill      XL: |  1  2 |
---------------+-------+-----
Spellcasting   | 2 |  2.0
Earth Magic    | 5 |  5.3
Dodging        | |  2.1
Stealth        | |  2.4
Transmutations | |  0.8

Action                   || total
-------------------------++-------
Melee: Dagger            ||    25
 Cast: Sandblast         ||    22
 Stab: Sleeping          ||     7
Armor: Robe              ||     8
Dodge: Dodged            ||    21

Vault maps used:
D:1:      arrival_aquarium_a, wad_floor_pattern_2
D:2:      first_ration, uniq_sigmund, uniq_crazy_yiuf_cottage

Table legend:
 A = Turns spent in this place as a percentage of turns spent in the entire game.
 B = Non-inter-level travel turns spent in this place as a percentage of non-inter-level travel turns spent in the entire game.
 C = Inter-level travel turns spent in this place as a percentage of turns spent in this place.
 D = Turns resting spent in this place as a percentage of non-inter-level travel turns spent in this place.
 E = Turns spent auto-exploring this place as a percentage of non-inter-level travel turns spent in this place.
 F = Non-inter-level travel turns spent in this place divided by the number of levels of this place that you've seen.
                   A       B       C       D       E      F
               +-------+-------+-------+-------+-------+----------------------
         Total | 100.0 | 100.0 |  12.8 |   0.0 |  18.5 | 513.0
       Dungeon | 100.0 | 100.0 |  12.8 |   0.0 |  18.5 | 513.0
               +-------+-------+-------+-------+-------+----------------------

Table legend:
 A = Kills in this place as a percentage of kills in entire the game.
 B = Kills by you in this place as a percentage of kills by you in the entire game.
 C = Kills by friends in this place as a percentage of kills by friends in the entire game.
 D = Other kills in this place as a percentage of other kills in the entire game.
 E = Experience gained in this place as a percentage of experience gained in the entire game.
 F = Experience gained in this place divided by the number of levels of this place that you have seen.
                   A       B       C       D       E      F
               +-------+-------+-------+-------+-------+----------------------
         Total | 100.0 | 100.0 |   N/A |   N/A | 100.0 |  20.0
       Dungeon | 100.0 | 100.0 |   N/A |   N/A | 100.0 |  20.0
               +-------+-------+-------+-------+-------+----------------------
